 Dungeon Crawl Stone Soup version 0.27.1-33-g824d729ab1 (webtiles) character file.

Game seed: 13740056552580352252

59 spacecowboy273 the Cudgeller (level 3, -1/31 HPs)
             Began as a Minotaur Berserker on Dec 4, 2021.
             Was a Believer of Trog.
             Slain by Natasha (4 damage)
             ... on level 3 of the Dungeon.
             The game lasted 00:02:15 (1280 turns).

spacecowboy273 the Cudgeller (Minotaur Berserker)   Turns: 1280, Time: 00:02:15

Health: -1/31      AC:  5    Str: 21    XL:     3   Next: 78%
Magic:  2/2        EV: 11    Int:  5    God:    Trog [**....]
Gold:   68         SH:  0    Dex:  9    Spells: 2/2 levels left

rFire    . . .     SeeInvis .   a - +0 mace
rCold    + . .     Faith    .   (no shield)
rNeg     . . .     Spirit   .   c - +0 ring mail
rPois    .         Reflect  .   (helmet restricted)
rElec    .         Harm     .   (no cloak)
rCorr    .         Rampage  .   (no gloves)
Will     .....                  (no boots)
Stlth    ..........             (no amulet)
HPRegen  0.10/turn              j - ring of protection from cold
MPRegen  0.08/turn              (no ring)

@: slowed, very slow
A: horns 2, retaliatory headbutt
a: Renounce Religion, Berserk, Trog's Hand


You were on level 3 of the Dungeon.
You worshipped Trog.
Trog was pleased with you.
You visited 1 branch of the dungeon, and saw 3 of its levels.

You collected 68 gold pieces.

Inventory:

Hand Weapons
 a - a +0 mace (weapon)
Missiles
 d - 3 boomerangs (quivered)
Armour
 b - a +0 animal skin
 c - a +0 ring mail (worn)
Jewellery
 j - a ring of protection from cold (left hand)
Scrolls
 f - 2 scrolls of identify {unknown}
 g - a scroll of immolation {unknown}
 k - a scroll of amnesia {unknown}
Potions
 e - a potion of heal wounds {unknown}
 h - a potion of flight {unknown}
 i - a potion of attraction {unknown}
 l - a potion of curing {unknown}


   Skills:
 - Level 3.6 Fighting
 + Level 5.8 Maces & Flails
 - Level 2.4 Armour
 - Level 2.1 Dodging


You had 2 spell levels left.
You didn't know any spells.
Your spell library was empty.

Dungeon Overview and Level Annotations

Branches:
Dungeon (3/15)

Altars:

Shops:
D:3 !

Annotations:
D:3 Natasha


Innate Abilities, Weirdness & Mutations

You have a pair of horns on your head.
You reflexively headbutt those who attack you in melee.


Message History

You see here 13 gold pieces.
Natasha casts a spell at you. You resist with significant effort.
The crimson imp hits you but does no damage.
Natasha stares at you and mumbles some strange words.
The magic dart hits you. The crimson imp closely misses you.
The orc shouts!
Natasha casts a spell.
An orc comes into view. It is wielding a +0 flail.
The crimson imp hits you.
Natasha hisses.
Natasha claws you but does no damage. The orc hits you with a +0 dagger.
The crimson imp blinks!
Natasha barely misses you. The orc closely misses you. Natasha claws you.
The orc hits you but does no damage. The giant cockroach closely misses you.
The orc hits you from afar with a +0 trident.
* * * LOW HITPOINT WARNING * * *
The orc hits you but does no damage. Natasha misses you.
A ball python comes into view.
The orc closely misses you. You furiously retaliate!
You headbutt the orc!
You kill the orc!
Trog accepts your kill. Natasha claws you.
* * * LOW HITPOINT WARNING * * *
The giant cockroach closely misses you. Natasha claws you.
* * * LOW HITPOINT WARNING * * *
The giant cockroach closely misses you. You furiously retaliate!
You headbutt the giant cockroach!
You kill the giant cockroach!
Trog accepts your kill. The crimson imp misses you.
The orc throws a boomerang.
The boomerang barely misses you.
There is an open door here.
The orc shouts!
The hobgoblin barely misses you. Natasha casts a spell at you.
You resist with significant effort.
The crimson imp blinks!
The hobgoblin misses you. Natasha claws you.
You die...

#. ..# .# # #.##.#
..##..
#....##....$.
#.....#..oo(o
#..∩.5.S.....
#........(...
#########+#.o...#
##....<#hg.5.$...#
##....#.'@oo......#
#.....#.#§...#+####
#.....#.#....+
#.....+.#....#
##....###...5#
#....# #....#
#....# ######
######


You could see Natasha, 2 crimson imps, 3 orcs and a hobgoblin.

Vanquished Creatures
  2 adders
  An orc (D:3)
  5 ball pythons
  7 endoplasms
  4 giant cockroaches
  4 hobgoblins (D:2)
  A quokka (D:1)
  4 bats
  3 frilled lizards
  2 goblins
  6 rats
39 creatures vanquished.

Notes
Turn   | Place    | Note
-------+----------+-------------------------------------------
     0 | D:1      | spacecowboy273 the Minotaur Berserker began the quest for
                  | the Orb.
     0 | D:1      | Reached XP level 1. HP: 19/19 MP: 0/0
    30 | D:1      | Reached skill level 4 in Maces & Flails
    51 | D:1      | Reached XP level 2. HP: 22/26 MP: 1/1
   314 | D:1      | Found a faded altar of an unknown god.
   629 | D:2      | Reached skill level 5 in Maces & Flails
   745 | D:2      | Reached XP level 3. HP: 26/31 MP: 2/2
   900 | D:2      | Reached ** piety under Trog
  1261 | D:3      | Found Cekeppug's Distillery.
  1263 | D:3      | Noticed Natasha
  1280 | D:3      | Slain by Natasha

Illustrated notes

Levels and vault maps discovered:
D:1:      scummos_arrival_hexagon, layout_loops_cross, basic_ecumenical_altar,
          solitary_fountain, serial_bayou_pond_d, minmay_tall_x
D:2:      layout_basic
D:3:      layout_basic, amcnicky_altar_gilded, fedhas_altar_fruit_tree,
          nicolae_overflow_hidden_temple, serial_shops, shop, uniq_natasha

Skill      XL: |  1  2 |
---------------+-------+-----
Maces & Flails | 4 5 |  5.8
Fighting       | |  3.6
Armour         | |  2.4
Dodging        | |  2.1

Action                   || total
-------------------------++-------
Melee: Mace              ||    55
       Headbutt          ||     7
Armor: Animal skin       ||     4
       Ring mail         ||    18
Dodge: Dodged            ||    51
